 Dungeon Crawl Stone Soup version 0.29-a0-919-gd064cfad1c (webtiles) character file.

Game seed: 10385103809518253777

21 omnesmortales the Chopper (level 2, -1/27 HPs)
             Began as a Hill Orc Cinder Acolyte on July 26, 2022.
             Was a High Priest of Ignis.
             Killed from afar by Natasha (12 damage)
             ... with a magic dart
             ... on level 1 of the Dungeon.
             The game lasted 00:03:40 (1121 turns).

omnesmortales the Chopper (Hill Orc Cinder Acolyte) Turns: 1121, Time: 00:03:43

Health: -1/27      AC:  2    Str: 16    XL:     2   Next: 83%
Magic:  1/3        EV: 11    Int: 14    God:    Ignis [*****.]
Gold:   28         SH:  0    Dex:  6    Spells: 1/3 levels left

rFire   + . .      SeeInvis .   a - -1 hand axe (flame)
rCold   . . .      Faith    .   (no shield)
rNeg    . . .      Spirit   .   b - +0 robe
rPois   .          Reflect  .   (no helmet)
rElec   .          Harm     .   (no cloak)
rCorr   .          Rampage  .   (no gloves)
Will    .....                   (no boots)
Stlth   +.........              (no amulet)
HPRegen 0.09/turn               (no ring)
MPRegen 0.08/turn               (no ring)

@: slowed, very slow
A: no striking features
a: Renounce Religion, Fiery Armour, Foxfire Swarm, Rising Flame


You were on level 1 of the Dungeon.
You worshipped Ignis.
Ignis was extremely pleased with you.
You visited 1 branch of the dungeon, and saw 2 of its levels.

You collected 28 gold pieces.

Inventory:

Hand Weapons
 a - a -1 hand axe of flaming (weapon)
 d - a +1 mace of holy wrath
Armour
 b - a +0 robe (worn)
Potions
 c - a potion of heal wounds {unknown}


   Skills:
 + Level 4.2 Fighting
 + Level 4.3 Axes
 + Level 0.2 Dodging
 + Level 1.0 Spellcasting
 + Level 3.5 Fire Magic


You had one spell level left.
You knew the following spells:

 Your Spells              Type           Power      Damage    Failure   Level
a - Scorch                Fire           20%        2d6       10%         2

Your spell library contained the following spells:

 Spells                   Type           Power      Damage    Failure   Level


Dungeon Overview and Level Annotations

Branches:
Dungeon (2/15)

Altars:

Annotations:
D:1 Natasha


Message History

Natasha hisses angrily.
Found a stone staircase leading down.
There is a stone staircase leading up here.
There is a stone staircase leading up here.
You completely miss Natasha. Natasha misses you.
You slash Natasha! You burn Natasha.
Natasha is heavily wounded.
The quokka twitches its whiskers.
Natasha mewls in sadness.
Natasha drinks a potion.
Natasha is healed!
You barely miss Natasha.
Natasha is lightly wounded.
You hit the quokka. You burn the quokka. Natasha closely misses you.
The quokka bites you.
You closely miss Natasha.
Natasha is lightly wounded.
You hit the quokka. You burn the quokka.
You kill the quokka!
Natasha claws you.
You barely miss Natasha.
Natasha is lightly wounded.
Natasha closely misses you.
Natasha wildly gestures.
Natasha's front paws start to glow.
Natasha claws you.
You closely miss Natasha.
Natasha is lightly wounded.
Natasha claws you!
Natasha stares at you and mumbles some strange words.
You feel yourself slow down.
You climb upwards.
There is a stone staircase leading down here.
Casting: Scorch (safe; 10% risk of failure)
Confirm with . or Enter, or press ? or * to list all spells.
Flames lash Natasha.
Natasha is lightly wounded.
Natasha's fire resistance burns away.
Natasha stares at you and mumbles some strange words.
The magic dart hits you!
You die...

# ####.......###.# #
#........[..##.# #
#...........##.#
###............#.#
.##........#.....#
.##........#.#...##
.#######..........# .#
#.'........h.##### .#
#.#........@.....#
.#####.##.(.......###.#
...##.)...#######.# #.#
...##..#..#.....#.###.#
...##..#..#.....#.....#
...##..#..#..##.#.##..#
...'...#..#..#..#..#.##
...#.รท.#..#..#.<#..#.#
...#...#..##.#.##..#.#


You could see Natasha (combustible).

Vanquished Creatures
  A dart slug (D:1)
  2 ball pythons (D:1)
  An endoplasm (D:1)
  A giant cockroach (D:1)
  A goblin (D:1)
  3 hobgoblins (D:1)
  3 quokkas
  A bat (D:1)
  2 frilled lizards (D:1)
  A rat (D:1)
16 creatures vanquished.

Notes
Turn   | Place    | Note
-------+----------+-------------------------------------------
     0 | D:1      | omnesmortales the Hill Orc Cinder Acolyte began the quest
                  | for the Orb.
     0 | D:1      | Reached XP level 1. HP: 19/19 MP: 2/2
   293 | D:1      | Reached XP level 2. HP: 24/27 MP: 3/3
   696 | D:1      | Found a faded altar of an unknown god.
   779 | D:1      | Learned a level 2 spell: Scorch
  1109 | D:2      | Noticed Natasha
  1121 | D:1      | Killed from afar by Natasha

Illustrated notes

Levels and vault maps discovered:
D:1:      ebering_hopf_link, layout_basic, chequers_ecumenical_altar_simple
D:2:      layout_rooms, cheibrodos_gnoll_hut, uniq_robin, uniq_natasha

Skill      XL: |  1  2 |
---------------+-------+-----
Fighting       | 4 |  4.2
Axes           | |  4.3
Dodging        | |  0.2
Spellcasting   | |  1.0
Fire Magic     | |  3.5

Action                   || total
-------------------------++-------
Melee: Hand axe          ||    58
 Cast: Scorch            ||     1
Armor: Robe              ||    10
Dodge: Dodged            ||    37

Table legend: (Time is in decaauts)
 A = Elapsed time spent in this place.
 B = Non-inter-level travel time spent in this place.
 C = Inter-level travel time spent in this place.
 D = Time resting spent in this place.
 E = Time spent auto-exploring this place.
 F = Levels seen in this place.
 G = Mean time per level.
                   A        B        C        D        E       F      G
               +--------+--------+--------+--------+--------+-----+--------+
         Total |   1127 |   1127 |      0 |    408 |    377 |   2 |  563.5 |
       Dungeon |   1127 |   1127 |      0 |    408 |    377 |   2 |  563.5 |
               +--------+--------+--------+--------+--------+-----+--------+

Top non-repeatable levels by time:
     D:1: 1116 daAuts
     D:2: 11 daAuts
